 Dungeon Crawl Stone Soup version 0.20.1-1-g8b1a95d (webtiles) character file.

15451 straycat the Covert (level 12, -1/74 HPs)
             Began as a Vampire Wanderer on Dec 28, 2017.
             Was an Elder of Hepliaklqana.
             Slain by an alligator (6 damage)
             ... on level 3 of the Lair of Beasts.
             The game lasted 01:09:34 (10481 turns).

straycat the Covert (Vampire Wanderer)             Turns: 10481, Time: 01:09:35

Health: -1/74      AC: 17    Str: 10    XL:     12   Next: 1%
Magic:  18/18      EV: 17    Int: 14    God:    Hepliaklqana [****..]
Gold:   397        SH:  4    Dex: 20    Spells: 7/19 levels left

rFire    + + .     SeeInvis +   Y - +1 rapier of Cowardice {flame, rElec SInv} (curse)
rCold    . . .     Gourm    .   (no shield)
rNeg     + . .     Faith    .   X - +2 ring mail {rF+}
rPois    .         Spirit   .   O - +2 helmet
rElec    +         Reflect  +   s - +0 cloak
rCorr    .         Harm     .   q - +2 pair of gloves
MR       ++...                  N - +1 pair of boots
Stlth    +++.......             H - +4 amulet of reflection
Regen    0.3/turn               l - ring of protection from fire
MPRegen  0.2/turn               C - ring of protection from magic

@: very slow
A: reduced essence, fangs 3, rugged brown scales 1, see invisible, wild magic 1,
unbreathing, evolution 1
a: Bat Form, Recall Ancestor, Ancestor Identity, Transference, Idealise,
Renounce Religion


You were on level 3 of the Lair of Beasts.
You worshipped Hepliaklqana.
Hepliaklqana was greatly pleased with you.
You were not thirsty.

You visited 4 branches of the dungeon, and saw 15 of its levels.

You collected 677 gold pieces.
You spent 280 gold pieces at shops.

Inventory:

Hand Weapons
 c - the +9 falchion of True Grit {flame, rPois rF+ Int+4 Dex+8, unknown}
   (You found it on level 2 of the Lair of Beasts)

   It has been specially enchanted to burn those struck by it, causing extra
   injury to most foes and up to half again as much damage against particularly
   susceptible opponents.
   Big, fiery blades are also staple armaments of hydra-hunters.
   It affects your intelligence (+4).
   It affects your dexterity (+8).
   It protects you from fire.
   It protects you from poison.
 g - a +0 arbalest of flaming
 n - a +1 dagger of draining
 t - a +0 hunting sling
 v - a +4 short sword of venom
 D - a +0 shortbow
 G - a +0 blowgun
 Q - a +0 dagger of speed
 Y - the cursed +1 rapier of Cowardice (weapon) {flame, rElec SInv}
   (You found it on level 10 of the Dungeon)

   It has been specially enchanted to burn those struck by it, causing extra
   injury to most foes and up to half again as much damage against particularly
   susceptible opponents.
   It insulates you from electricity.
   It lets you see invisible.
   It has a curse placed upon it.
Missiles
 e - 99 bolts
 h - 117 poisoned needles
 o - 173 arrows
 r - 42 sling bullets
 w - 6 tomahawks (quivered)
 W - 4 throwing nets
Armour
 a - a +0 shield
 q - a +2 pair of gloves (worn)
 s - a +0 cloak (worn)
 N - a +1 pair of boots (worn)
 O - a +2 helmet (worn)
 X - a +2 ring mail of fire resistance (worn)
Jewellery
 l - a ring of protection from fire (left hand)
 p - an uncursed amulet of magic regeneration
 z - a +3 ring of evasion
 C - a ring of protection from magic (right hand)
 H - a +4 amulet of reflection (around neck)
Wands
 K - a wand of random effects (47/48)
 V - a wand of iceblast (10/15)
 Z - a wand of flame (13/48)
Scrolls
 m - 3 scrolls of amnesia
 u - 5 scrolls of remove curse
 B - a scroll of blinking
 F - 2 scrolls of identify
 L - 6 scrolls of teleportation
 S - a scroll of fear
Potions
 b - 4 potions of curing
 d - 2 potions of cancellation
 f - 14 potions of blood
 i - a potion of ambrosia
 k - 6 potions of brilliance
 x - a potion of agility
 A - 2 potions of heal wounds
 E - a potion of magic
 I - a potion of resistance
 M - a potion of invisibility
 T - a potion of flight
 U - a potion of berserk rage
Books
 j - a book of Debilitation

   Spells                             Type                      Level
   a - Corona                         Hexes                        1
   b - Slow                           Hexes                        2
   c - Inner Flame                    Hexes/Fire                   3
   d - Portal Projectile              Hexes/Translocation          3
   e - Cause Fear                     Hexes                        4
   f - Leda's Liquefaction            Hexes/Earth                  4
 y - a book of Misfortune

   Spells                             Type                      Level
   a - Confusing Touch                Hexes                        1
   b - Confuse                        Hexes                        3
   c - Gell's Gravitas                Translocation                3
   d - Petrify                        Transmutation/Earth          4
   e - Metabolic Englaciation         Hexes/Ice                    5
   f - Yara's Violent Unravelling     Hexes/Transmutation          5
 P - a book of Party Tricks

   Spells                             Type                      Level
   a - Summon Butterflies             Summoning                    1
   b - Apportation                    Translocation                1
   c - Lesser Beckoning               Translocation                3
   d - Tukima's Dance                 Hexes                        3
   e - Alistair's Intoxication        Transmutation/Poison         5
   f - Invisibility                   Hexes                        6


   Skills:
 - Level 2.6 Fighting
 - Level 14.0 Short Blades
   Level 1.0 Staves
 + Level 10.8 Dodging
 + Level 14.1 Stealth
 - Level 1.0 Shields
 * Level 4.1 Spellcasting
   Level 1.0 Ice Magic
   Level 1.0 Earth Magic


You had 7 spell levels left.
You knew the following spells:

 Your Spells              Type           Power        Failure   Level  Hunger
a - Confuse               Hex            #.......     88%         3    ###....
b - Animate Skeleton      Necr           N/A          54%         1    None
c - Apportation           Tloc           #.....       54%         1    None
d - Summon Butterflies    Summ           #.......     54%         1    None
e - Tukima's Dance        Hex            #.......     88%         3    ###....
f - Corona                Hex            #......      54%         1    None
g - Slow                  Hex            #.......     67%         2    ##.....


Dungeon Overview and Level Annotations

Branches:
Dungeon (10/15)            Temple (1/1) D:4            Lair (3/6) D:10
  Swamp (1/4) Lair:3        Snake (0/4) Lair:3
    Orc: D:9-12

Altars:
Ashenzari
Cheibriados
Dithmenos
Elyvilon
Fedhas
Gozag
Hepliaklqana
Kikubaaqudgha
Nemelex Xobeh
Okawaru
Qazlal
Trog
Vehumet
Xom
Yredelemnul
The Shining One

Shops:
D:9 *   D:10 [**?


Innate Abilities, Weirdness & Mutations

You have razor-sharp teeth.
You have supernaturally acute eyesight. (SInv)
You can survive without breathing.
Your life essence is reduced to manifest your ancestor. (-10% HP)
You are partially covered in rugged brown scales. (AC +1, +3% HP)
Your spells are a little harder to cast, but a little more powerful.
You evolve.


Message History

The alligator puts on a burst of speed!
The alligator bites you!
* * * LOW HITPOINT WARNING * * *
The alligator tail-slaps you.
* * * LOW HITPOINT WARNING * * *
Seras barely misses the alligator.
There is a staircase back to the Lair here.
Seras points at the alligator and mumbles some strange words.
The stone arrow hits the alligator.
The alligator bites Seras!
The alligator tail-slaps Seras.
You climb upwards.
Welcome back to the Lair of Beasts!
There is a staircase to the Swamp, spattered with blood here.
You enter the shallow water.
Moving in this stuff is going to be slow.
The alligator bites you!
* * * LOW HITPOINT WARNING * * *
The alligator misses you. The alligator barely misses you.
The alligator completely misses you. The alligator misses you.
The alligator completely misses you. The alligator bites you.
You die...

...#..#...#.P....P.......#
....#.........#....##....#
......#...#......#.#P.#.##
...#P.#.....#P...#.##.#.#
.#..........P....#.♣#...##
##.##.#.........♣♣♣♣♣....#
##.##.......#..♣♣≈≈§♣♣...#
.#..#.......P..♣§§≈§§♣...#
...##.#........§@t>§§♣..##
#...#.......#..♣♣§≈≈≈♣...#
##....#........♣♣≈♣≈♣♣..##
##....#.....P...♣♣♣♣♣...#
.÷..............♣♣......#
#.....P.....#.#.##......##
......#.......#..#.#.....#
#...............P...#...##
.#<...........#..P.##....#


You could see an alligator.

Vanquished Creatures
  Snorg (D:10)
  Harold (D:10)
  A two-headed ogre (D:8)
  A black mamba (Lair:1)
  3 komodo dragons
  2 spiny frogs
  A hippogriff (Lair:3)
  A wraith (D:7)
  9 yaks
  A wyvern (D:8)
  A hungry ghost (D:9)
  3 swamp worms (Lair:3)
  2 wargs (D:10)
  3 water moccasins
  2 porcupines (Lair:3)
  A sky beast (D:6)
  An ice beast (D:7)
  2 black bears
  A necrophage (D:7)
  3 centaurs
  3 phantoms
  4 wolves (Lair:2)
  5 ogres
  3 crocodiles
  2 big kobolds
  4 bullfrogs
  A wyvern skeleton (D:10)
  A troll zombie (D:7)
  A wight (D:7)
  2 howler monkeys
  3 crimson imps
  2 bullfrog zombies
  A quasit (D:5)
  4 jellies
  8 orc wizards
  4 hounds
  5 orc priests
  2 human zombies (D:7)
  3 iguanas
  3 worker ants
  A hound skeleton (D:10)
  A howler monkey skeleton (D:5)
  2 mummies (D:7)
  A worker ant zombie (D:6)
  9 adders
  A shadow imp (D:6)
  3 oozes
  4 adder skeletons
  An adder zombie (D:5)
  A worm (D:5)
  A dart slug (D:2)
  2 leopard geckos
  16 orcs
  8 giant cockroaches
  10 goblins
  3 hobgoblins
  22 kobolds
  2 quokkas
  A ball python (D:8)
  5 bats
  10 frilled lizards
  A jackal skeleton (D:7)
  A leopard gecko zombie (D:6)
  An orc skeleton (D:7)
  A quokka skeleton (D:4)
  6 rats
  A butterfly (D:4)
216 creatures vanquished.

Vanquished Creatures (collateral kills)
  An unseen horror (D:8)
  The ghost of p0werm0de the Chopper, a novice DDFi of Makhleb (D:6)
  A gargoyle (D:10)
  A spiny frog (Lair:1)
  A komodo dragon (Lair:3)
  A rime drake (Lair:3)
  2 hippogriffs
  A spriggan (D:7)
  A wraith (D:7)
  A basilisk (Lair:3)
  7 yaks
  A swamp worm (Lair:3)
  A naga (Lair:3)
  2 water moccasins
  An orc warrior (D:10)
  A wolf (Lair:2)
  A crocodile (Lair:3)
  A big kobold (D:9)
  2 bullfrogs
  A wight (D:7)
  A crimson imp (D:5)
  A jelly (D:9)
  A human zombie (D:7)
  An orc wizard (D:8)
  2 worker ants (D:7)
  A howler monkey skeleton (D:8)
  An adder (D:7)
  2 shadow imps
  3 orcs
  A giant cockroach (D:5)
  6 kobolds
  2 plants (Lair:3)
51 creatures vanquished.

Vanquished Creatures (others)
  5 battlemagi
  2 ancestors
  3 fungi (Lair:3)
10 creatures vanquished.

Grand Total: 277 creatures vanquished

Notes
Turn   | Place    | Note
-------+----------+-------------------------------------------
     0 | D:1      | straycat the Vampire Wanderer began the quest for the Orb.
     0 | D:1      | straycat set off with: a +0 shield, a potion of curing, a potion of lignification, a +0 robe, a +0 dagger, a potion of blood
     0 | D:1      | Reached XP level 1. HP: 17/17 MP: 2/2
   229 | D:1      | Reached skill level 1 in Short Blades
   235 | D:1      | Reached XP level 2. HP: 18/23 MP: 3/3
   912 | D:2      | Reached XP level 3. HP: 16/28 MP: 4/4
  1268 | D:2      | Found a shimmering altar of Xom.
  1282 | D:2      | Reached XP level 4. HP: 25/34 MP: 5/5
  1695 | D:3      | Reached XP level 5. HP: 20/39 MP: 6/6
  1950 | D:3      | Learned a level 3 spell: Confuse
  1962 | D:3      | Found a faded altar of an unknown god.
  2136 | D:4      | Found a glowing golden altar of the Shining One.
  2499 | D:4      | Found a staircase to the Ecumenical Temple.
  2509 | Temple   | Entered the Ecumenical Temple
  2541 | Temple   | Became a worshipper of Hepliaklqana the Forgotten
  2619 | D:4      | Found a stormy altar of Qazlal.
  2719 | D:4      | Reached skill level 5 in Short Blades
  3002 | D:5      | Entered Level 5 of the Dungeon
  3014 | D:5      | Reached XP level 6. HP: 37/41 MP: 7/7
  3089 | D:5      | Found a radiant altar of Vehumet.
  3119 | D:5      | Reached XP level 7. HP: 32/45 MP: 8/8
  3161 | D:5      | Reached * piety under Hepliaklqana
  3245 | D:5      | Got a steaming dagger
  3246 | D:5      | Identified the +9 dagger "Efyhass" {pierce, Fragile rPois rF+++} (You found it on level 5 of the Dungeon)
  3255 | D:5      | Learned a level 1 spell: Animate Skeleton
  3257 | D:5      | Learned a level 1 spell: Apportation
  3294 | D:5      | Found a snail-covered altar of Cheibriados.
  3450 | D:5      | Reached skill level 5 in Stealth
  3528 | D:6      | Found a bloodstained altar of Trog.
  3851 | D:6      | Reached skill level 5 in Dodging
  3876 | D:6      | Reached XP level 8. HP: 33/51 MP: 9/9
  3997 | D:6      | Noticed p0werm0de's ghost (novice DDFi)
  4013 | D:6      | Killed p0werm0de's ghost
  4060 | D:6      | Found a shimmering altar of Xom.
  4283 | D:6      | Reached ** piety under Hepliaklqana
  4284 | D:6      | Remembered your ancestor Seras as a battlemage
  4681 | D:7      | Reached XP level 9. HP: 50/55 MP: 10/10
  4954 | D:7      | Reached skill level 10 in Short Blades
  5005 | D:7      | Found a basalt altar of Yredelemnul.
  5140 | D:7      | Learned a level 1 spell: Summon Butterflies
  5145 | D:7      | Learned a level 3 spell: Tukima's Dance
  5370 | D:8      | Reached skill level 10 in Stealth
  5391 | D:8      | Found an iron altar of Okawaru.
  5393 | D:8      | Noticed a two-headed ogre
  5412 | D:8      | Killed a two-headed ogre
  5412 | D:8      | Reached XP level 10. HP: 14/61 MP: 11/11
  5505 | D:8      | Found an opulent altar of Gozag.
  5587 | D:8      | Noticed an unseen horror
  5621 | D:8      | Killed an unseen horror
  6244 | D:9      | Found Guaceq's Changing Room.
  6305 | D:9      | Bought a potion of mutation for 104 gold pieces
  6305 | D:9      | Gained mutation: You evolve. [potion of mutation]
  6305 | D:9      | Gained mutation: You are partially covered in rugged brown scales. (AC +1, +3% HP) [potion of mutation]
  6612 | D:10     | Entered Level 10 of the Dungeon
  6612 | D:10     | Found Buefar's Magic Scroll Emporium.
  6612 | D:10     | Found Jutsinte's General Store.
  6636 | D:10     | Bought a scroll of enchant armour for 120 gold pieces
  6636 | D:10     | Bought a scroll of fear for 56 gold pieces
  6737 | D:10     | Noticed Harold
  6742 | D:10     | Killed Harold
  6811 | D:10     | Reached *** piety under Hepliaklqana
  6823 | D:10     | Found Terr's General Store.
  6829 | D:10     | Got a polished rapier
  6840 | D:10     | Identified the cursed +1 rapier of Cowardice {flame, rElec SInv} (You found it on level 10 of the Dungeon)
  6895 | D:10     | Noticed a gargoyle
  6904 | D:10     | Killed a gargoyle
  7044 | D:10     | Found Rakualif's Antique Armour Shoppe.
  7115 | D:10     | Found a staircase to the Lair.
  7292 | D:10     | Noticed Snorg
  7294 | D:10     | Killed Snorg
  7294 | D:10     | Reached XP level 11. HP: 60/68 MP: 12/12
  7426 | Lair:1   | Entered Level 1 of the Lair of Beasts
  7610 | Lair:1   | HP: 3/68 [poisoned by a spiny frog]
  7616 | Lair:1   | HP: 2/68 [poisoned by a spiny frog]
  7825 | Lair:1   | Learned a level 1 spell: Corona
  7828 | Lair:1   | Learned a level 2 spell: Slow
  8251 | Lair:1   | Reached skill level 10 in Dodging
  8538 | Lair:2   | Reached **** piety under Hepliaklqana
  8640 | Lair:2   | Got a polished falchion
  9132 | Lair:2   | Gained mutation: Your spells are a little harder to cast, but a little more powerful. [evolution]
  9517 | Lair:3   | Found a staircase to the Snake Pit.
  9522 | Lair:3   | Found a labyrinth entrance.
  9851 | Lair:3   | Found a staircase to the Swamp.
 10123 | Lair:3   | HP: 2/68 [swamp worm (13)]
 10183 | Lair:3   | Reached XP level 12. HP: 35/74 MP: 18/18
 10454 | Swamp:1  | Entered Level 1 of the Swamp
 10457 | Swamp:1  | Noticed an alligator
 10481 | Lair:3   | Slain by an alligator

Skill      XL: |  1  2  3  4  5  6  7  8  9 10 11 |
---------------+----------------------------------+-----
Short Blades   | 1 2 3 4 5 6 7 9 11 12 14 | 14.0
Dodging        | 2 3 4 5 6 8 9 10 | 10.8
Stealth        | 3 4 6 8 10 12 14 | 14.1
Spellcasting   | 4 |  4.1
Fighting       | |  2.6
Staves         | |  1.0
Shields        | |  1.0
Ice Magic      | |  1.0
Earth Magic    | |  1.0

Action                   |  1- 3 |  4- 6 |  7- 9 | 10-12 || total
-------------------------+-------+-------+-------+-------++-------
Melee: Dagger            |   100 |    54 |   213 |    62 ||   429
       Bite              |     6 |    19 |    24 |    46 ||    95
       Short sword       |       |    88 |    16 |       ||   104
       Rapier            |       |       |       |   303 ||   303
Throw: Tomahawk          |       |       |     9 |     5 ||    14
Invok: Ancestor Identity |       |     1 |       |       ||     1
       Ancestor Life: Ba |       |       |     1 |       ||     1
       Recall Ancestor   |       |       |     1 |       ||     1
Evoke: Wand              |       |       |     2 |     8 ||    10
  Use: Potion            |     3 |     2 |    11 |    23 ||    39
       Scroll            |       |     7 |     9 |    16 ||    32
 Stab: Sleeping          |     2 |     6 |     5 |    19 ||    32
       Distracted        |       |     1 |     2 |     5 ||     8
       Paralysed         |       |       |     1 |       ||     1
       Invisible         |       |       |       |     2 ||     2
  Eat: Corpse            |       |     1 |     2 |       ||     3
Armor: Leather armour    |    19 |    39 |    29 |     7 ||    94
       Robe              |     2 |       |       |       ||     2
       Ring mail         |       |       |       |    53 ||    53
Dodge: Dodged            |    59 |   101 |    98 |   198 ||   456
Block: Other             |       |     4 |    38 |    41 ||    83
       Reflection        |       |       |     1 |     1 ||     2
